 Dungeon Crawl Stone Soup version 0.23.1 (webtiles) character file.

Game seed: 0

18958 Laiders72 the Basher (level 13, -16/98 HPs)
             Began as a Formicid Fighter on Mar 7, 2019.
             Was a High Priest of Qazlal.
             Demolished by a white ugly thing (21 damage)
             ... on level 12 of the Dungeon.
             The game lasted 00:38:10 (11377 turns).

Laiders72 the Basher (Formicid Fighter)            Turns: 11377, Time: 00:38:10

Health: -16/98     AC: 18    Str: 22    XL:     13   Next: 1%
Magic:  0/20       EV:  8    Int: 12    God:    Qazlal [*****.]
Gold:   439        SH: 18    Dex: 13    Spells: 12/12 levels left

rFire    . . .     SeeInvis +   J - +1 whip (elec)
rCold    . . .     Gourm    .   c - +0 shield
rNeg     . . .     Faith    .   x - +2 chain mail {rPois}
rPois    +         Spirit   +   (helmet unavailable)
rElec    .         Reflect  .   y - scarf {Spirit}
rCorr    +         Harm     .   N - +0 pair of gloves
MR       +....                  (no boots)
Stlth    ..........             (no amulet)
HPRegen  0.26/turn              m - +3 ring of intelligence
MPRegen  0.17/turn              S - ring of resist corrosion

@: protected from physical damage, repel missiles
A: permanent stasis, dig shafts and tunnels, four strong arms, antennae 3
a: Dig, Shaft Self, Upheaval, Elemental Force, Disaster Area, Renounce Religion


You were on level 12 of the Dungeon.
You worshipped Qazlal.
Qazlal was extremely pleased with you.
You were not hungry.

You visited 1 branch of the dungeon, and saw 12 of its levels.

You collected 848 gold pieces.
You spent 409 gold pieces at shops.

Inventory:

Hand Weapons
 o - a +0 hand crossbow
 z - a +0 morningstar
 J - a +1 whip of electrocution (weapon)
Missiles
 l - 67 bolts
 G - 2 throwing nets (quivered)
 P - 9 tomahawks
Armour
 c - a +0 shield (worn)
 x - a +2 chain mail of poison resistance (worn)
 y - a scarf of spirit shield (worn)
 N - a +0 pair of gloves (worn)
Jewellery
 h - an uncursed ring of protection from cold {unknown}
 m - a +3 ring of intelligence (left hand)
 S - a ring of resist corrosion (right hand)
Wands
 B - a wand of flame (20)
 E - a wand of iceblast (16)
 O - a wand of scattershot (3)
 R - a wand of polymorph (5)
Scrolls
 a - 2 scrolls of identify
 e - 4 scrolls of fear
 j - 3 scrolls of enchant weapon
 n - a scroll of blinking {unknown}
 p - a scroll of brand weapon
 r - 3 scrolls of fog
 u - 4 scrolls of remove curse
 A - a scroll of random uselessness {unknown}
 D - a scroll of silence {unknown}
 H - a scroll of amnesia {unknown}
 K - a scroll of magic mapping {unknown}
 L - a scroll of torment {unknown}
Potions
 b - a potion of heal wounds {unknown}
 d - 2 potions of might
 k - 2 potions of ambrosia
 q - 3 potions of curing
 v - a potion of flight {unknown}
 w - a potion of lignification {unknown}
 C - a potion of mutation {unknown}
 F - 4 potions of brilliance
 M - a potion of cancellation {unknown}
 Q - a potion of agility
Comestibles
 f - 20 rations


   Skills:
 - Level 8.0 Fighting
 - Level 13.0 Maces & Flails
 + Level 10.3 Armour
 + Level 9.4 Shields
 - Level 10.0 Invocations
 + Level 2.3 Evocations


You had 12 spell levels left.
You didn't know any spells.
Your spell library contained the following spells:

 Spells                   Type           Power        Failure   Level  Hunger
 Flame Tongue             Conj/Fire      #....        89%         1    ##.....
 Shroud of Golubria       Chrm/Tloc      #.........   96%         2    ###....
 Song of Slaying          Chrm           #.......     96%         2    ###....
 Swiftness                Chrm/Air       #.......     96%         2    ###....
 Iskenderun's Battlesphe  Conj/Chrm      #.......     100%        5    ######.
 Ignition                 Fire           #.........   100%        8    #######


Dungeon Overview and Level Annotations

Branches:
Dungeon (12/15)            Temple (0/1) D:7            Lair (0/6) D:11
    Orc (0/2) D:9

Altars:
Ashenzari
Fedhas
Gozag
Qazlal
Sif Muna
Trog
Wu Jian
Xom
Zin

Shops:
D:8 ?


Innate Abilities, Weirdness & Mutations

You cannot be hasted, slowed, berserked, paralysed or teleported.
You can dig through walls and to a lower floor.
Your four strong arms can wield two-handed weapons with a shield.
You have a pair of large antennae on your head. (SInv)


Message History

* * * LOW HITPOINT WARNING * * *
You closely miss the white ugly thing.
The white ugly thing is severely wounded.
Okay, then.
Evoke which item? (* to show all) (? for menu, Esc to quit)
Okay, then.
The orc is engulfed in blazing flames.
You kill the orc!
Qazlal accepts your kill.
Things that are here:
a +0 club the +5 rapier "Gyeniasch" {pierce, +Inv Dex+4} You hear a croak.
You hear a croak.
You see here 12 stones.
A bullfrog comes into view.
The white ugly thing bites you.
* * * LOW HITPOINT WARNING * * *
The white ugly thing freezes you!!
You die...

#.# #.# #.# #.# #)#
#.# #.#
#####.#####.#
..F.....<...#
##.....####
#.)..○..######
##..##))○§°@.......
.......%°.Ou..######
###.####.☼.○.##
##.=.## ##### { {
##########
#######))))))..#
#.....))######)#
#.....### #)#


You could see a white ugly thing, an ogre and a bullfrog.

Vanquished Creatures
  A hydra (D:8)
  A two-headed ogre (D:12)
  7 death yaks
  Pikel (D:6)
  An ugly thing (D:11)
  2 trolls
  Grinder (D:5)
  A hornet (D:10)
  2 dream sheep (D:8)
  A shadow (D:11)
  2 wyverns
  11 yaks
  A vampire (D:10)
  A hungry ghost (D:8)
  Menkaure (D:7)
  A water moccasin (D:7)
  An eye of draining (D:10)
  A sky beast (D:11)
  2 black bears
  3 ice beasts
  2 phantoms
  A slave (D:6)
  10 orc warriors
  8 ogres
  A necrophage (D:8)
  13 centaurs
  A crocodile (D:8)
  8 bullfrogs
  4 big kobolds
  A wyvern zombie (D:12)
  A wyvern skeleton (D:10)
  2 scorpions
  11 killer bees
  13 wights
  3 howler monkeys
  4 centaur zombies
  6 crimson imps
  A quasit (D:11)
  A bullfrog zombie (D:10)
  3 centaur skeletons
  2 hounds
  A jelly (D:11)
  A bullfrog skeleton (D:12)
  12 orc priests
  12 orc wizards
  Jessica (D:5)
  3 iguanas
  Terence (D:3)
  8 worker ants
  2 killer bee zombies
  Robin (D:2)
  11 gnolls
  8 adders
  3 shadow imps
  3 oozes
  An adder zombie (D:5)
  2 adder skeletons
  A worm (D:6)
  4 dart slugs
  7 leopard geckos
  47 orcs
  8 giant cockroaches
  14 goblins
  15 hobgoblins
  17 jackals
  7 quokkas
  A ball python (D:1)
  5 bats
  9 frilled lizards
  7 kobolds
  A quokka skeleton (D:5)
  A quokka zombie (D:8)
  10 rats
362 creatures vanquished.

Vanquished Creatures (collateral kills)
  A centaur warrior (D:11)
1 creature vanquished.

Vanquished Creatures (others)
  A fungus (D:12)
  A plant (D:12)
2 creatures vanquished.

Grand Total: 365 creatures vanquished

Notes
Turn   | Place    | Note
-------+----------+-------------------------------------------
     0 | D:1      | Laiders72 the Formicid Fighter began the quest for the Orb.
     0 | D:1      | Reached XP level 1. HP: 18/18 MP: 1/1
   108 | D:1      | Reached XP level 2. HP: 24/24 MP: 2/2
   388 | D:1      | Reached XP level 3. HP: 30/30 MP: 3/3
   692 | D:2      | Reached skill level 3 in Maces & Flails
  1037 | D:2      | Reached XP level 4. HP: 37/37 MP: 4/4
  1215 | D:2      | Noticed Robin
  1268 | D:2      | Killed Robin
  1707 | D:3      | Reached XP level 5. HP: 40/43 MP: 5/5
  1772 | D:3      | Noticed Terence
  1786 | D:3      | Killed Terence
  1915 | D:3      | Reached skill level 5 in Fighting
  1923 | D:3      | Reached skill level 4 in Maces & Flails
  2007 | D:3      | Reached XP level 6. HP: 51/51 MP: 6/6
  2008 | D:3      | Found an ornate altar of the Wu Jian Council.
  2008 | D:3      | Found a bloodstained altar of Trog.
  2013 | D:3      | Found a faded altar of an unknown god.
  2015 | D:3      | Found a stormy altar of Qazlal.
  2017 | D:3      | Found a faded altar of an unknown god.
  2047 | D:3      | Became a worshipper of Qazlal Stormbringer
  2470 | D:4      | Noticed a phantom
  2508 | D:4      | Killed a phantom
  2508 | D:4      | Reached skill level 1 in Invocations
  2630 | D:4      | Noticed a black bear
  2639 | D:4      | Killed a black bear
  2639 | D:4      | Reached XP level 7. HP: 27/57 MP: 8/8
  2767 | D:4      | Reached skill level 5 in Maces & Flails
  3431 | D:4      | Found a glowing silver altar of Zin.
  3447 | D:4      | Found an opulent altar of Gozag.
  3708 | D:5      | Entered Level 5 of the Dungeon
  3709 | D:5      | You fall through a shaft!
  3786 | D:6      | Reached * piety under Qazlal
  3819 | D:6      | Reached XP level 8. HP: 52/65 MP: 7/11
  4130 | D:6      | Found a shattered altar of Ashenzari.
  4160 | D:6      | Reached skill level 6 in Maces & Flails
  4344 | D:6      | Noticed Pikel
  4379 | D:6      | Killed Pikel
  4379 | D:6      | Reached XP level 9. HP: 46/74 MP: 8/13
  4815 | D:7      | Reached skill level 7 in Maces & Flails
  4909 | D:7      | Found a staircase to the Ecumenical Temple.
  5013 | D:7      | Found a glowing silver altar of Zin.
  5067 | D:7      | Found an opulent altar of Gozag.
  5083 | D:7      | Reached ** piety under Qazlal
  5254 | D:7      | Noticed Menkaure
  5259 | D:7      | Killed Menkaure
  5755 | D:7      | Reached skill level 8 in Maces & Flails
  5956 | D:5      | Noticed Grinder
  5978 | D:5      | Killed Grinder
  6455 | D:5      | Found a shimmering altar of Xom.
  6608 | D:5      | Noticed Jessica
  6611 | D:5      | Killed Jessica
  6611 | D:5      | Reached XP level 10. HP: 80/80 MP: 16/16
  6615 | D:5      | Found a deep blue altar of Sif Muna.
  6732 | D:8      | Found Toysam's Magic Scroll Boutique.
  6823 | D:8      | Bought a scroll of brand weapon for 260 gold pieces
  6823 | D:8      | Bought a scroll of identify for 26 gold pieces
  6823 | D:8      | Bought a scroll of identify for 26 gold pieces
  6823 | D:8      | Bought a scroll of enchant weapon for 97 gold pieces
  6875 | D:8      | Reached skill level 9 in Maces & Flails
  6989 | D:8      | Reached skill level 10 in Invocations
  7039 | D:8      | Noticed a three-headed hydra
  7047 | D:8      | Killed a three-headed hydra
  7047 | D:8      | Reached skill level 10 in Maces & Flails
  7192 | D:8      | Reached skill level 11 in Maces & Flails
  7392 | D:8      | Reached *** piety under Qazlal
  7403 | D:8      | Reached XP level 11. HP: 63/86 MP: 15/18
  8330 | D:9      | Found a staircase to the Orcish Mines.
  8417 | D:9      | Reached skill level 12 in Maces & Flails
  8648 | D:10     | Entered Level 10 of the Dungeon
  8862 | D:10     | Reached **** piety under Qazlal
  9128 | D:10     | Reached skill level 13 in Maces & Flails
  9509 | D:10     | Found a blossoming altar of Fedhas.
  9568 | D:10     | Identified the Handbook of Enhancements and the Arsonist
  9739 | D:11     | Reached skill level 5 in Shields
  9831 | D:11     | Noticed a red ugly thing
  9842 | D:11     | Killed a red ugly thing
  9842 | D:11     | Reached skill level 5 in Armour
 10179 | D:11     | Noticed a death yak
 10179 | D:11     | Noticed a death yak
 10179 | D:11     | Noticed a centaur warrior
 10179 | D:11     | Noticed a death yak
 10180 | D:11     | Noticed a death yak
 10180 | D:11     | Noticed a death yak
 10181 | D:11     | Noticed a death yak
 10182 | D:11     | Noticed a death yak
 10191 | D:11     | Killed a death yak
 10193 | D:11     | Killed a centaur warrior
 10209 | D:11     | Killed a death yak
 10209 | D:11     | Reached XP level 12. HP: 34/92 MP: 4/19
 10218 | D:11     | Killed a death yak
 10222 | D:11     | Killed a death yak
 10227 | D:11     | Killed a death yak
 10235 | D:11     | Killed a death yak
 10246 | D:10     | Killed a death yak
 10583 | D:11     | Found a staircase to the Lair.
 11058 | D:12     | Reached ***** piety under Qazlal
 11137 | D:12     | Found a blossoming altar of Fedhas.
 11138 | D:12     | Noticed a two-headed ogre
 11184 | D:12     | Reached skill level 10 in Armour
 11232 | D:12     | Killed a two-headed ogre
 11232 | D:12     | Reached skill level 1 in Evocations
 11325 | D:12     | Reached XP level 13. HP: 62/98 MP: 16/20
 11338 | D:12     | Identified the +5 rapier "Gyeniasch" {pierce, +Inv Dex+4}
 11377 | D:12     | Demolished by a white ugly thing

Skill      XL: |  1  2  3  4  5  6  7  8  9 10 11 12 |
---------------+-------------------------------------+-----
Fighting       | 4 5 6 7 8 |  8.0
Maces & Flails | 3 4 5 6 8 11 13 | 13.0
Invocations    | 2 4 6 8 10 | 10.0
Shields        | 6 9 |  9.4
Armour         | 6 10 | 10.3
Evocations     | 2 |  2.3

Action                   |  1- 3 |  4- 6 |  7- 9 | 10-12 | 13-15 || total
-------------------------+-------+-------+-------+-------+-------++-------
Melee: Flail             |   111 |   188 |   286 |       |       ||   585
       Whip              |       |       |   190 |   940 |    29 ||  1159
Invok: Upheaval          |       |       |     2 |     5 |       ||     7
       Elemental Force   |       |       |       |     1 |       ||     1
  Use: Scroll            |       |       |       |    14 |       ||    14
       Potion            |       |       |       |     2 |       ||     2
 Stab: Distracted        |       |       |       |     1 |       ||     1
  Eat: Chunk             |       |     4 |    12 |    13 |       ||    29
       Ration            |       |     1 |       |     3 |       ||     4
Armor: Scale mail        |    50 |       |       |       |       ||    50
       Plate armour      |     1 |    72 |       |       |       ||    73
       Chain mail        |       |    60 |   187 |   220 |     3 ||   470
Dodge: Dodged            |    37 |    31 |    81 |   119 |     6 ||   274
       Deflected         |       |       |       |     4 |       ||     4
Block: Shield            |    71 |   119 |   248 |   526 |    13 ||   977
